 Dungeon Crawl Stone Soup version 0.26.0-7-g794d0892b4 (webtiles) character file.

Game seed: 8461524481962186831

61 Destapler the Sneak (level 3, -1/18 HPs)
             Began as a Spriggan Brigand on Jan 11, 2021.
             Killed from afar by a dart slug (3 damage)
             ... with a slug dart
             ... on level 3 of the Dungeon.
             The game lasted 00:03:22 (2118 turns).

Destapler the Sneak (Spriggan Brigand)              Turns: 2118, Time: 00:03:23

Health: -1/18      AC:  3    Str:  7    XL:     3   Next: 83%
Magic:  4/4        EV: 18    Int: 12    God:
Gold:   135        SH:  0    Dex: 18    Spells: 2/2 levels left

rFire    . . .     SeeInvis +   a - +2 dagger
rCold    . . .     Faith    .   (shield restricted)
rNeg     . . .     Spirit   .   b - +0 robe
rPois    .         Reflect  .   (helmet restricted)
rElec    .         Harm     .   c - +0 cloak
rCorr    .         Rampage  .   (gloves unavailable)
Will     .....                  (boots unavailable)
Stlth    ++++......             (no amulet)
HPRegen  0.06/turn              (no ring)
MPRegen  0.09/turn              (no ring)

@: hasted, very quick
A: very small, unfitting armour, see invisible, speed 3
a: no special abilities


You were on level 3 of the Dungeon.
You visited 1 branch of the dungeon, and saw 3 of its levels.

You collected 135 gold pieces.

Inventory:

Hand Weapons
 a - a +2 dagger (weapon)
Missiles
 d - 35 poisoned darts (quivered)
 e - 2 curare-tipped darts
Armour
 b - a +0 robe (worn)
 c - a +0 cloak (worn)
Jewellery
 f - a cursed ring of teleportation {unknown}
Scrolls
 g - a scroll of immolation {unknown}
 i - 4 scrolls of remove curse {unknown}
 l - 4 scrolls of teleportation {unknown}
 m - a scroll of amnesia {unknown}
 n - a scroll of identify {unknown}
Potions
 j - 3 potions of heal wounds {unknown}
 k - a potion of flight {unknown}
 o - 2 potions of might {unknown}


   Skills:
 + Level 2.2 Fighting
 + Level 3.0 Short Blades
 - Level 2.0 Throwing
 + Level 2.9 Dodging
 + Level 6.5 Stealth


You had 2 spell levels left.
You didn't know any spells.
Your spell library was empty.

Dungeon Overview and Level Annotations

Branches:
Dungeon (3/15)

Altars:
Dithmenos
Elyvilon
Qazlal


Innate Abilities, Weirdness & Mutations

You are very small and have problems with some larger weapons.
You are too small for most types of armour.
You have supernaturally acute eyesight. (SInv)
You cover ground extremely quickly.


Message History

You are too injured to fight recklessly!
You are too injured to fight recklessly!
You are too injured to fight recklessly!
You are too injured to fight recklessly!
You are too injured to fight recklessly!
You are too injured to fight recklessly!
You are too injured to fight recklessly!
You are too injured to fight recklessly!
You are too injured to fight recklessly!
You are too injured to fight recklessly!
You are too injured to fight recklessly!
You are too injured to fight recklessly!
You are too injured to fight recklessly!
You are too injured to fight recklessly!
Unknown command.
It was a potion of haste.
You feel yourself speed up. The adder closely misses you.
The orc closely misses you. The dart slug launches a dart at you.
The slug dart hits you.
You die...

........##.#.......# #.
#######....##.....#####.
#.g#.##........[..
##.#.##......###.#
#...##......###÷<
###.o##.........#.
#goo.##........##.
#w#..#............
#@#..#........####
#.Sro#..÷.....#
############..####
#...... #.##### #......
#######


You could see an adder, a dart slug, 2 orcs, a quokka and a hobgoblin.

Vanquished Creatures
  3 adders
  An orc (D:3)
  2 giant cockroaches
  5 goblins (D:1)
  4 hobgoblins
  8 bats
  4 frilled lizards
  3 kobolds
  5 rats
35 creatures vanquished.

Notes
Turn   | Place    | Note
-------+----------+-------------------------------------------
     0 | D:1      | Destapler the Spriggan Brigand began the quest for the Orb.
     0 | D:1      | Reached XP level 1. HP: 10/10 MP: 2/2
   374 | D:1      | Reached skill level 6 in Stealth
   586 | D:1      | Reached XP level 2. HP: 15/15 MP: 3/3
   952 | D:1      | You fall into a shaft and drop 1 floor!
  1362 | D:2      | Found a white marble altar of Elyvilon.
  1362 | D:2      | Found a stormy altar of Qazlal.
  1524 | D:2      | Reached XP level 3. HP: 17/18 MP: 4/4
  1591 | D:2      | Found a shadowy altar of Dithmenos.
  2091 | D:3      | Noticed an orc warrior
  2118 | D:3      | Killed from afar by a dart slug

Illustrated notes

Levels and vault maps discovered:
D:1:      dpeg_arrival_subterranean_lakeside_camping, layout_basic
D:2:      layout_rooms, gammafunk_temple_overflow_pools, grunt_dithmenos_smoke
D:3:      layout_basic, gammafunk_ghost_mausoleum, uniq_sigmund

Skill      XL: |  1  2  3 |
---------------+----------+-----
Stealth        | 6 |  6.5
Dodging        | 2 |  2.9
Fighting       | 2 |  2.2
Short Blades   | 3 |  3.0
Throwing       | |  2.0

Action                   || total
-------------------------++-------
Melee: Dagger            ||   130
Throw: Dart              ||     3
  Use: Potion            ||     1
 Stab: Sleeping          ||    11
Armor: Robe              ||    18
Dodge: Dodged            ||    88
